 Dungeon Crawl Stone Soup version 0.26.1-10-gdfb7c7de75 (webtiles) character file.

Game seed: 63116405151119666

1219 tardwrangler69 the Cutter (level 8, -7/44 HPs)
             Began as a Vine Stalker Fighter on Apr 9, 2021.
             Was a Believer of Uskayaw.
             Killed by divine providence
             ... invoked by an orc priest
              (12 damage)
             ... on level 5 of the Dungeon.
             The game lasted 00:04:46 (4066 turns).

tardwrangler69 the Cutter (Vine Stalker Fighter)    Turns: 4066, Time: 00:04:46

Health: -7/44      AC:  8    Str: 22    XL:     8   Next: 47%
Magic:  0/10       EV: 11    Int:  8    God:    Uskayaw [**....]
Gold:   289        SH:  9    Dex: 13    Spells: 7/7 levels left

rFire    . . .     SeeInvis .   a - +0 rapier
rCold    . . .     Faith    +   c - +0 kite shield
rNeg     . . .     Spirit   +   b - +0 scale mail
rPois    .         Reflect  .   C - +0 helmet
rElec    .         Harm     .   (no cloak)
rCorr    .         Rampage  .   (no gloves)
Will     +....                  u - +0 pair of boots
Stlth    ..........             B - amulet of faith
HPRegen  0.54/turn              v - +4 ring of evasion
MPRegen  0.12/turn              (no ring)

@: no status effects
A: fangs 3, regeneration 1, magic shield, antimagic bite, no potion heal 3
a: Renounce Religion, Stomp, Line Pass


You were on level 5 of the Dungeon.
You worshipped Uskayaw.
Uskayaw was noncommittal.
You visited 2 branches of the dungeon, and saw 6 of its levels.

You collected 289 gold pieces.

Inventory:

Hand Weapons
 a - a +0 rapier (weapon)
Armour
 b - a +0 scale mail (worn)
 c - a +0 kite shield (worn)
 u - a +0 pair of boots (worn)
 C - a +0 helmet (worn)
Jewellery
 v - a +4 ring of evasion (left hand)
 B - an amulet of faith (around neck)
Wands
 r - a wand of paralysis (5)
 y - a wand of polymorph (8)
Scrolls
 j - 3 scrolls of identify {unknown}
 k - 2 scrolls of noise {unknown}
 l - 3 scrolls of random uselessness {unknown}
 o - 4 scrolls of remove curse {unknown}
 p - a scroll of amnesia {unknown}
 s - 2 scrolls of enchant weapon {unknown}
 x - 2 scrolls of immolation {unknown}
 z - a scroll of magic mapping {unknown}
 A - a scroll of enchant armour {unknown}
 E - a scroll of teleportation {unknown}
Potions
 d - 3 potions of might
 e - a potion of berserk rage {unknown}
 f - 2 potions of ambrosia {unknown}
 g - 4 potions of brilliance {unknown}
 h - a potion of curing {unknown}
 i - 3 potions of cancellation {unknown}
 m - a potion of magic {unknown}
 n - 2 potions of heal wounds {unknown}
 q - a potion of attraction {unknown}
 t - 3 potions of degeneration {unknown}
 w - 2 potions of invisibility {unknown}
 D - 2 potions of lignification {unknown}
 F - a potion of haste {unknown}


   Skills:
 * Level 6.0 Fighting
 * Level 7.0 Short Blades
 - Level 2.4 Armour
 - Level 2.6 Shields
 + Level 2.3 Invocations


You had 7 spell levels left.
You didn't know any spells.
Your spell library was empty.

Dungeon Overview and Level Annotations

Branches:
Dungeon (5/15)             Temple (1/1) D:4

Altars:
Ashenzari
Cheibriados
Elyvilon
Fedhas
Gozag
Hepliaklqana
Kikubaaqudgha
Makhleb
Nemelex Xobeh
Okawaru
Ru
Sif Muna
Trog
Uskayaw
Vehumet
Yredelemnul
Zin

Shops:
D:5 :

Annotations:
D:3 2 transporters


Innate Abilities, Weirdness & Mutations

You have razor-sharp teeth.
Your natural rate of healing is unusually fast.
When hurt, damage is shared between your health and your magic reserves.
Your bite disrupts and absorbs the magic of your enemies.
Potions cannot restore your health.


Message History

* * * LOW HITPOINT WARNING * * *
The hound zombie barely misses you.
You hit the orc priest.
You bite the orc priest, but do no damage.
The orc priest is lightly wounded.
The orc wizard hits you but does no damage.
You block the hound zombie's attack.
The orc priest hits you but does no damage.
You barely miss the orc priest.
You bite the orc priest, but do no damage.
The orc priest is lightly wounded.
The hound zombie barely misses you. The orc wizard completely misses you.
The orc priest closely misses you.
Your shield and scale mail prevent you from hitting the orc priest.
The orc priest is lightly wounded.
The hound zombie closely misses you. The orc wizard barely misses you.
You block the hound zombie's attack.
The orc priest mumbles some strange prayers to Beogh against you.
Beogh smites you!
You die...

#.# #....... #.# ###.###. #.# #
##.###. ##### #.#
#####.####>..##. ###...# #.#
.........).)....
......######.####.?.#######).)###
......................## ##<....
........##.............. ######
.##.............@o....# #
.##.............Zo....# ####
.............^.......... #...
.##.................#.## #...
.######.......^..^....# #.###...
## #...............# #.......
#...............# #.###...
#....^^.^.....^.# #...
........... ##...


You could see an orc priest, an orc wizard and a hound zombie.

Vanquished Creatures
  Eustachio (D:4)
  A sky beast (D:5)
  An ogre (D:5)
  A phantom (D:4)
  A bullfrog zombie (D:5)
  3 orc wizards
  A bullfrog skeleton (D:4)
  2 hounds (D:4)
  5 orc priests
  A worker ant (D:4)
  A hound skeleton (D:4)
  Robin (D:4)
  10 adders
  14 gnolls
  A white imp (D:5)
  An ufetubus (D:5)
  2 oozes
  3 worms
  2 dart slugs
  4 leopard geckos
  24 orcs
  2 ball pythons
  8 bats
  10 giant cockroaches
  17 goblins
  9 hobgoblins
  10 jackals
  A quokka (D:3)
  2 frilled lizards
  A giant cockroach zombie (D:5)
  A kobold (D:1)
  A leopard gecko skeleton (D:4)
  7 rats
149 creatures vanquished.

Notes
Turn   | Place    | Note
-------+----------+-------------------------------------------
     0 | D:1      | tardwrangler69 the Vine Stalker Fighter began the quest for
                  | the Orb.
     0 | D:1      | Reached XP level 1. HP: 11/11 MP: 2/2
    84 | D:1      | Reached skill level 2 in Short Blades
   156 | D:1      | Reached XP level 2. HP: 16/16 MP: 3/3
   573 | D:1      | Reached XP level 3. HP: 20/20 MP: 4/4
   931 | D:2      | Reached skill level 3 in Short Blades
  1421 | D:2      | Found a faded altar of an unknown god.
  1594 | D:3      | Gained mutation: Your natural rate of healing is unusually
                  | fast. [Vine Stalker growth]
  1594 | D:3      | Reached XP level 4. HP: 19/24 MP: 5/5
  1731 | D:3      | Found a transporter.
  1782 | D:3      | Reached skill level 4 in Short Blades
  1782 | D:3      | Reached XP level 5. HP: 24/29 MP: 6/6
  2052 | D:2      | Reached XP level 6. HP: 16/33 MP: 3/7
  2181 | D:3      | Reached skill level 5 in Short Blades
  2239 | D:3      | Found a transporter.
  2352 | D:3      | Found a snail-covered altar of Cheibriados.
  2705 | D:4      | Noticed a phantom
  2746 | D:4      | Killed a phantom
  2747 | D:4      | Reached XP level 7. HP: 38/38 MP: 8/8
  2755 | D:4      | Noticed Robin
  2790 | D:4      | Killed Robin
  2910 | D:4      | Reached skill level 6 in Short Blades
  2947 | D:4      | Found a staircase to the Ecumenical Temple.
  3031 | Temple   | Entered the Ecumenical Temple
  3122 | Temple   | Became a worshipper of Uskayaw the Reveller
  3331 | D:4      | Reached * piety under Uskayaw
  3411 | D:4      | Noticed Eustachio
  3418 | D:4      | Reached ** piety under Uskayaw
  3422 | D:4      | Reached *** piety under Uskayaw
  3423 | D:4      | Killed Eustachio
  3424 | D:4      | Reached skill level 5 in Fighting
  3424 | D:4      | Reached skill level 1 in Invocations
  3424 | D:4      | Reached **** piety under Uskayaw
  3426 | D:4      | Reached ***** piety under Uskayaw
  3494 | D:4      | Gained mutation: You have razor-sharp teeth. [Vine Stalker
                  | growth]
  3494 | D:4      | Reached XP level 8. HP: 36/43 MP: 7/10
  3618 | D:4      | Found an opulent altar of Gozag.
  3646 | D:5      | Entered Level 5 of the Dungeon
  3703 | D:5      | Found an ancient bone altar of Kikubaaqudgha.
  3902 | D:5      | Reached skill level 7 in Short Blades
  4005 | D:5      | Found Leubrink's Book Boutique.
  4066 | D:5      | Killed from afar by an orc priest

Illustrated notes

Levels and vault maps discovered:
D:1:      amcnicky_arrival_choice, layout_loops_ring, minmay_worlds_worst_comb
D:2:      layout_basic, chequers_ecumenical_altar_simple
D:3:      gammafunk_steamed_eel, layout_basic, marbit_many_paths
D:4:      minmay_diamond_boxcup, layout_basic, nicolae_overflow_hidden_temple,
          minmay_temple_entry_slanted, uniq_robin, uniq_eustachio
D:5:      layout_loops_ring, kiku_gazebo_garden_becter, serial_shops,
          shop_fountains, minmay_holes, uniq_crazy_yiuf_cottage
Temple:   jpeg_temple_clearing

Skill      XL: |  1  2  3  4  5  6  7  8 |
---------------+-------------------------+-----
Short Blades   | 2 3 4 5 6 7 |  7.0
Fighting       | 3 4 5 6 |  6.0
Invocations    | 1 2 |  2.3
Armour         | |  2.4
Shields        | |  2.6

Action                   |  1- 3 |  4- 6 |  7- 9 || total
-------------------------+-------+-------+-------++-------
Melee: Rapier            |   106 |   183 |   183 ||   472
       Bite              |    32 |    46 |    58 ||   136
 Stab: Paralysed         |       |       |     9 ||     9
Armor: Scale mail        |    57 |    62 |    70 ||   189
Dodge: Dodged            |    24 |    56 |    76 ||   156
Block: Kite shield       |    43 |    68 |    72 ||   183
